Map: Frozen Temple

Players

ThisGameSuck - Winner!

  • Race: Protoss Protoss
  • League: Grandmaster

MarineKing

  • Race: Terran Terran
  • League: Master

VOD

Have the link to the VOD?

Description

Time

  • Played on: June 29, 2016, 9:29 a.m.
  • Length: 4:58
Show
View Real Time Build Order
Export as new Build Order

ThisGameSuck Protoss - Winner!

Build Orders:  

Get SALT Encoding   

  12  0:01  Probe (Chrono Boost)  
  13  0:11  Probe (Chrono Boost)  
  14  0:18  Pylon  
  14  0:22  Probe (Chrono Boost)  
  15  0:36  Probe (Chrono Boost)  
  15  0:37  Gateway  
  16  0:46  Probe (Chrono Boost)  
  16  0:48  Assimilator  
  17  0:57  Probe (Chrono Boost)  
  18  1:08  Probe (Chrono Boost)  
  19  1:24  Gateway  
  19  1:25  Cybernetics Core  
  19  1:26  Zealot (Chrono Boost)  
  19  1:29  Assimilator  
  21  1:36  Pylon  
  22  1:50  Zealot (Chrono Boost)  
  23  2:02  Mothership Core (Chrono Boost)  
  23  2:07  Pylon  
  25  2:11  Adept (Chrono Boost)  
  26  2:19  Adept (Chrono Boost)  
  28  2:38  Adept (Chrono Boost)  
  28  2:39  Pylon  
  27  2:58  Adept (Chrono Boost)  
  25  3:05  Warp Gate (Chrono Boost)  
  23  3:11  Adept (Chrono Boost)  
  25  3:25  Adept (Chrono Boost)  
  27  3:45  Stalker (Chrono Boost)  
  29  3:55  Adept (Chrono Boost)  
  31  4:05  Probe  
  24  4:17  Stalker  
  24  4:20  Stalker  
  26  4:27  Probe  
  27  4:39  Probe  
  22  4:54  Gateway  
Show
View Real Time Build Order
Export as new Build Order

MarineKing Terran 

Build Orders:  

Get SALT Encoding   

  12  0:01  SCV  
  13  0:14  Supply Depot  
  13  0:37  Barracks  
  13  0:49  Barracks  
  13  1:05  Barracks  
  13  1:24  Marine  
  14  1:28  Barracks  
  14  1:35  Marine  
  15  1:42  Marine  
  16  1:52  Marine  
  16  1:53  Marine  
  18  2:00  Marine  
  19  2:10  Marine  
  19  2:11  Marine  
  22  2:18  Marine  
  22  2:22  Supply Depot  
  22  2:29  Marine  
  19  2:33  Marine  
  20  2:39  Marine  
  21  2:46  Marine  
  20  2:54  Marine  
  20  2:55  Marine  
  19  3:01  Marine  
  17  3:06  Marine  
  17  3:13  Marine  
  17  3:19  Marine  
  19  3:22  Marine  
  20  3:29  Marine  
  20  3:32  Marine  
  22  3:39  Marine  
  23  3:43  Marine  
  23  3:48  Marine  
  24  3:53  Marine  
  25  3:58  Marine  
  24  4:05  Marine  
  23  4:11  Marine  
  23  4:14  Marine  
  20  4:20  Marine  
  17  4:25  Marine  
  17  4:30  Marine  
  18  4:35  Marine  
Tags
 
Add a new tag
Caveats
  • Supply blocks, unpowered buildings, or Contaminate may cause inaccurate times.
  • Supply counts are checked every 10 seconds.